 Dungeon Crawl Stone Soup version 0.30-b1-2-g02819fbbbe (webtiles) character file.

Game seed: 6134665564581163716

39 redmage the Chiller (level 3, -1/26 HPs)
             Began as a Meteoran Ice Elementalist on July 25, 2023.
             Slain by an iguana (11 damage)
             ... on level 4 of the Dungeon.
             The game lasted 00:08:05 (593 turns).

redmage the Chiller (Meteoran Ice Elementalist)      Turns: 593, Time: 00:08:05

Health: -1/26      AC:  2    Str:  9    XL:     3   Next: 97%
Magic:  1/8        EV: 12    Int: 19    God:
Gold:   55         SH:  0    Dex: 14    Spells: 1/8 levels left

rFire   . . .        (no weapon)
rCold   . . .        (no shield)
rNeg    . . .        a - +0 robe
rPois   .            (no helmet)
rElec   .            (no cloak)
rCorr   .            (no gloves)
SInv    .            (no boots)
Will    .....        (no amulet)
Stlth   +            h - ring of flight
HPRegen 0.24/turn    (no ring)
MPRegen 0.11/turn

%: no passive effects
@: freezing walls, flying, very slightly contaminated, glowing
A: sense surroundings 1, otherworldly, glowing, explore regen
a: no special abilities


You were on level 4 of the Dungeon.
You visited 1 branch of the dungeon, and saw 4 of its levels.

You collected 55 gold pieces.

Inventory:

Missiles
 g - 5 poisoned darts (quivered)
 l - 3 boomerangs
Armour
 a - a +0 robe (worn)
Magical Staves
 i - a staff of conjuration
Jewellery
 h - a ring of flight (left hand)
Potions
 b - a potion of magic
 c - a potion of resistance {unknown}
 d - a potion of flight {unknown}
 e - a potion of might {unknown}
 f - 2 potions of mutation {unknown}
 n - a potion of ambrosia


   Skills:
 - Level 2.4 Dodging
 - Level 1.4 Stealth
 + Level 0.8 Unarmed Combat
 + Level 3.4 Spellcasting
 * Level 5.2 Ice Magic


You had one spell level left.
You knew the following spells:

 Your Spells              Type           Power      Damage    Failure   Level
a - Freeze                Ice            92%        1d9       1%          1
b - Frozen Ramparts       Ice            46%        1d7       4%          3
c - Ozocubu's Armour      Ice            23%        N/A       4%          3

Your spell library contained the following spells:

 Spells                   Type           Power      Damage    Failure   Level
 Summon Ice Beast         Ice/Summ       13%        N/A       45%         4


Dungeon Overview and Level Annotations

Branches:
Dungeon (4/15) Zot: 1805
 Temple: D:4-7

Altars:


Innate Abilities, Weirdness & Mutations

You passively map a small area around you.
You are easily found by Zot.
You glow in the dark.
You regain HP and MP as you explore.


Message History

You hit the iguana but do no damage.
The iguana is lightly wounded.
Unknown command.
You barely miss the iguana.
The iguana is lightly wounded.
The frozen ramparts melt away.
The iguana is no longer moving slowly.
The iguana barely misses you.
Your icy armour will break if you move.
Continue?
Your icy armour cracks and falls away as you move.
The iguana attacks as you move away! The iguana bites you!
Ouch! That really hurt!
Found a bubbling dark potion.
Found a book of the Senses.
The iguana attacks as you move away! The iguana barely misses you.
The iguana attacks as you move away! The iguana closely misses you.
The iguana attacks as you move away! The iguana bites you!
You see here a bubbling dark potion.
You see here a book of the Senses.
The iguana attacks as you move away! The iguana bites you!
* * * LOW HITPOINT WARNING * * *
Found a stone staircase leading up and a stone staircase leading down.
Casting: Ozocubu's Armour (quite dangerous; 5% risk of failure)
Confirm with . or Enter, or press ? or * to list all spells.
The spell is quite dangerous to miscast (5% risk of failure)!
Continue anyway?
Casting: Frozen Ramparts (quite dangerous; 5% risk of failure)
Press: ? - help, Dir - look around, f - activate The walls around you are covered in ice.
The wall freezes the iguana.
The iguana bites you but does no damage.
The wall freezes the orc.
You kill the orc!
Unknown command.
Unknown command.
Casting: Frozen Ramparts (quite dangerous; 4% risk of failure)
Confirm with . or Enter, or press ? or * to list all spells.
The spell is quite dangerous to miscast (4% risk of failure)!
Continue anyway?
You miscast Ozocubu's Armour.
You are very lightly contaminated with residual magic.
Nothing appears to happen.
The wall freezes the iguana.
The iguana bites you!
You die...

...#, .. * .... #.
####.# .. .....#
.### * * * .#####
,..# * .# #.#
.####### #.### ,,
.......####.:.#####
* *
#####...!..##.)l@.#
*
...##......######..#
*, ##.##......#
#...# * .........#
..<..., * ##########
, ,..>##* , ,...# *
,, ..# ..# ,


You could see an iguana.

Vanquished Creatures
  An adder (D:2)
  A worm (D:3)
  5 orcs
  An endoplasm (D:2)
  A giant cockroach (D:2)
  3 goblins
  2 hobgoblins
  A kobold (D:1)
  A quokka (D:2)
  A ball python (D:3)
  3 bats
  A frilled lizard (D:2)
21 creatures vanquished.

Notes
Turn   | Place    | Note
-------+----------+-------------------------------------------
     0 | D:1      | redmage the Meteoran Ice Elementalist began the quest for
                  | the Orb.
     0 | D:1      | Reached XP level 1. HP: 14/14 MP: 5/5
   130 | D:2      | Reached XP level 2. HP: 20/20 MP: 4/6
   207 | D:2      | Reached XP level 3. HP: 26/26 MP: 0/8
   213 | D:2      | Learned a level 3 spell: Frozen Ramparts
   217 | D:2      | Learned a level 3 spell: Ozocubu's Armour
   233 | D:2      | Reached skill level 5 in Ice Magic
   295 | D:2      | Found a faded altar of an unknown god.
   593 | D:4      | Slain by an iguana

Illustrated notes

Levels and vault maps discovered:
D:1:      nzn_arrival_settlement, layout_basic, minmay_door_square,
          nicolae_figureground_sparkle
D:2:      layout_basic, dreamdust_ecumenical_altar_hidden_monk_grotto,
          kennysheep_generic_room_10, uniq_robin
D:3:      layout_basic, minmay_hedge_maze
D:4:      layout_basic

Skill      XL: |  1  2  3 |
---------------+----------+-----
Spellcasting   | 3 |  3.4
Ice Magic      | 5 |  5.2
Dodging        | |  2.4
Stealth        | |  1.4
Unarmed Combat | |  0.8

Action                     || total
---------------------------++-------
  Melee: Unarmed           ||     3
  Throw: Dart              ||     4
   Cast: Freeze            ||    26
         Frozen Ramparts   ||     4
         Ozocubu's Armour  ||     2
    Use: Scroll            ||     3
 Armour: Robe              ||     8
  Dodge: Dodged            ||    12
